 Dungeon Crawl Stone Soup version 0.20.1-1-g8b1a95d (webtiles) character file.

2829 vineage the Basher (level 9, -2/52 HPs)
             Began as a Gargoyle Berserker on Oct 27, 2017.
             Was a Priest of Trog.
             Slain by an orc warrior
             ... wielding a +0 halberd
              (9 damage)
             ... in a bailey.
             The game lasted 00:11:42 (6463 turns).

vineage the Basher (Gargoyle Berserker)             Turns: 6463, Time: 00:11:42

Health: -2/52      AC: 19    Str: 23    XL:     9   Next: 73%
Magic:  9/9        EV:  9    Int: 11    God:    Trog [***...]
Gold:   168        SH:  4    Dex: 13    Spells: 8/8 levels left

rFire    . . .     SeeInvis .   C - +0 whip (flame)
rCold    . . .     Gourm    .   (no shield)
rNeg     + . .     Faith    .   m - +0 chain mail
rPois    ∞         Spirit   .   l - +1 helmet
rElec    +         Reflect  .   (no cloak)
rCorr    .         Harm     .   v - +0 pair of gloves
MR       ++...                  (no boots)
Stlth    ..........             (no amulet)
Regen    1.2/turn               (no ring)
MPRegen  0.2/turn               (no ring)

@: berserk cooldown, regenerating, slowed, invisible, very slow
A: large bone plates 1, thin skeletal structure 1, agile 1, clever 1, negative
energy resistance 1, electricity resistance, unbreathing, petrification
resistance, rot immunity, AC +5
a: Berserk, Trog's Hand, Burn Spellbooks, Renounce Religion


You were in a bailey.
You worshipped Trog.
Trog was most pleased with you.
You were full.

You visited 1 branch of the dungeon, and saw 7 of its levels.
You also visited: Bailey.

You collected 322 gold pieces.
You spent 154 gold pieces at shops.

Inventory:

Hand Weapons
 a - a +0 mace
 e - a +1 whip
 C - a +0 whip of flaming (weapon)
Armour
 b - a +0 animal skin
 l - a +1 helmet (worn)
 m - a +0 chain mail (worn)
 v - a +0 pair of gloves (worn)
Wands
 n - a wand of confusion (16/48)
 A - a wand of iceblast (6/15)
 B - a wand of flame (23/48)
Scrolls
 i - 2 scrolls of magic mapping
 r - 2 scrolls of recharging
 s - 2 scrolls of remove curse
 w - a scroll of teleportation
Potions
 d - 2 potions of cancellation
 o - a potion of resistance {unknown}
 p - a potion of haste {unknown}
 t - a potion of brilliance {unknown}
 u - a potion of berserk rage {unknown}
 x - a potion of might {unknown}
 z - a potion of curing {unknown}
Books
 g - a book of Misfortune

   Spells                             Type                      Level
   a - Confusing Touch                Hexes                        1
   b - Confuse                        Hexes                        3
   c - Gell's Gravitas                Translocation                3
   d - Petrify                        Transmutation/Earth          4
   e - Metabolic Englaciation         Hexes/Ice                    5
   f - Yara's Violent Unravelling     Hexes/Transmutation          5
   Trog disapproves of the use of such an item.
Comestibles
 c - 3 bread rations
 f - 4 meat rations
 k - 4 royal jellies


   Skills:
 + Level 4.4 Fighting
 - Level 12.0 Maces & Flails
 + Level 5.5 Armour
 - Level 1.5 Dodging


You had 8 spell levels left.
You didn't know any spells.

Dungeon Overview and Level Annotations

Branches:
Dungeon (7/15)             Temple (0/1) D:7

Altars:
Dithmenos

Shops:
D:6 (


Innate Abilities, Weirdness & Mutations

You are resistant to torment.
Your stone body is resilient. (AC +5)
You are immune to poison.
You resist negative energy. (rN+)
You are resistant to electric shocks. (rElec)
You can survive without breathing.
You are immune to petrification.
You are immune to rotting.
You are partially covered in large bone plates. (SH +4)
You have a somewhat thin skeletal structure. (Dex +2, Stealth)
You are agile. (Dex +2)
Your mind is acute. (Int +2)


Message History

You block the orc warrior's attack.
Things that are here:
a spear; a ring mail The orc warrior hits you but does no damage.
The orc warrior hits you with a halberd!
* * * LOW HITPOINT WARNING * * *
You whack the orc warrior! You burn the orc warrior.
The orc warrior is moderately wounded.
You miss the orc warrior.
The orc warrior is moderately wounded.
The orc warrior hits you with a halberd!
* * * LOW HITPOINT WARNING * * *
You're still recovering from your berserk rage.
It was a potion of magic.
Magic courses through your body.
The orc warrior hits you with a halberd.
* * * LOW HITPOINT WARNING * * *
It was a potion of invisibility.
You fade into invisibility!
The orc warrior hits you with a halberd!
You die...

### ###
##.###########∩## #
#...##.....##...##.
#%..#..≈≈≈..#...#..
#$@o#.≈≈o≈≈..(....≈
#.).'.≈ooo≈..(....≈
#...#.≈≈o≈≈.......≈
#[.)#..≈≈≈..#(..#..
#)..##.....##(∩.##.
##.###########∩## #
### ###


You could see 2 orc warriors and 3 orcs.

Vanquished Creatures
  The ghost of empire the Cleaver, a novice MiFi (Bailey)
  Grinder (D:4)
  The ghost of HammerPanzer the Cudgeler, an amateur DsBe of Trog (D:3)
  2 water moccasins (D:6)
  An orc warrior (Bailey)
  A black bear (D:5)
  A necrophage (D:6)
  2 phantoms
  An ogre (D:4)
  A centaur (D:6)
  A wyvern zombie (D:7)
  A scorpion (D:4)
  3 wights (D:6)
  A howler monkey (D:4)
  A centaur zombie (D:6)
  A crimson imp (D:6)
  A gnoll shaman (D:4)
  3 orc priests
  3 hounds
  A bullfrog skeleton (D:4)
  6 orc wizards
  3 worker ants
  A killer bee zombie (D:6)
  A hound skeleton (D:6)
  A worker ant zombie (D:6)
  Robin (D:4)
  4 gnolls (D:4)
  10 adders
  An ooze (D:1)
  2 worms
  A dart slug (D:1)
  5 leopard geckos
  25 orcs
  4 giant cockroaches
  14 goblins
  12 hobgoblins
  17 jackals
  4 quokkas
  A ball python (D:3)
  7 bats
  2 frilled lizards
  8 kobolds
  A leopard gecko zombie (D:5)
  A quokka skeleton (D:4)
  6 rats
166 creatures vanquished.

Notes
Turn   | Place    | Note
-------+----------+-------------------------------------------
     0 | D:1      | vineage the Gargoyle Berserker began the quest for the Orb.
     0 | D:1      | Reached XP level 1. HP: 14/14 MP: 1/1
    76 | D:1      | Reached XP level 2. HP: 11/19 MP: 2/2
   610 | D:1      | Reached skill level 4 in Maces & Flails
   649 | D:1      | Gained mutation: You have a somewhat thin skeletal structure. (Dex +2, Stealth) [potion of mutation]
   649 | D:1      | Gained mutation: You are partially covered in large bone plates. (SH +4) [potion of mutation]
   649 | D:1      | Gained mutation: You are agile. (Dex +2) [potion of mutation]
   649 | D:1      | Gained mutation: Your mind is acute. (Int +2) [potion of mutation]
   779 | D:1      | Reached XP level 3. HP: 23/23 MP: 3/3
  1066 | D:2      | Reached ** piety under Trog
  1155 | D:2      | Reached XP level 4. HP: 25/28 MP: 4/4
  1203 | D:2      | Reached skill level 5 in Maces & Flails
  1501 | D:2      | Found a shadowy altar of Dithmenos.
  2127 | D:3      | Reached XP level 5. HP: 32/32 MP: 5/5
  2239 | D:3      | Noticed HammerPanzer's ghost (amateur DsBe)
  2250 | D:3      | Killed HammerPanzer's ghost
  2250 | D:3      | Reached skill level 6 in Maces & Flails
  2250 | D:3      | Reached XP level 6. HP: 37/37 MP: 6/6
  2343 | D:3      | Reached skill level 7 in Maces & Flails
  2887 | D:3      | Reached *** piety under Trog
  3071 | D:4      | Reached XP level 7. HP: 22/41 MP: 7/7
  3303 | D:4      | Reached skill level 8 in Maces & Flails
  3487 | D:4      | Noticed Grinder
  3507 | D:4      | Noticed Robin
  3545 | D:4      | Reached skill level 9 in Maces & Flails
  3576 | D:4      | Killed Robin
  3589 | D:4      | Paralysed by Grinder for 5 turns
  3641 | D:4      | Killed Grinder
  3641 | D:4      | Reached XP level 8. HP: 46/46 MP: 8/8
  3661 | D:4      | Reached skill level 10 in Maces & Flails
  3917 | D:4      | Reached **** piety under Trog
  4048 | D:5      | Entered Level 5 of the Dungeon
  4191 | D:5      | Received a gift from Trog
  4938 | D:6      | Reached skill level 11 in Maces & Flails
  5018 | D:6      | Reached XP level 9. HP: 26/51 MP: 9/9
  5375 | D:6      | Found Lomeir's Antique Weapon Emporium.
  5378 | D:6      | Bought a glowing whip for 154 gold pieces
  5808 | D:6      | Reached skill level 12 in Maces & Flails
  6122 | D:7      | Found a flagged portal.
  6139 | Bailey   | Entered a bailey
  6139 | Bailey   | Noticed empire's ghost (novice MiFi)
  6140 | Bailey   | Noticed an orc knight
  6160 | Bailey   | Killed empire's ghost
  6160 | Bailey   | Reached skill level 5 in Armour
  6415 | Bailey   | HP: 2/52 [orc warrior/halberd (5)]
  6463 | Bailey   | Slain by an orc warrior

Skill      XL: |  1  2  3  4  5  6  7  8  9 |
---------------+----------------------------+-----
Maces & Flails | 4 5 6 7 9 11 12 | 12.0
Fighting       | 4 |  4.4
Armour         | 5 |  5.5
Dodging        | |  1.5

Action                   |  1- 3 |  4- 6 |  7- 9 || total
-------------------------+-------+-------+-------++-------
Melee: Mace              |    14 |       |       ||    14
       Whip              |   118 |   294 |   639 ||  1051
Invok: Berserk           |       |     2 |     4 ||     6
       Trog's Hand       |       |     1 |     5 ||     6
  Use: Scroll            |     3 |     6 |     8 ||    17
       Potion            |     1 |       |     5 ||     6
  Eat: Chunk             |       |    10 |    12 ||    22
       Bread ration      |       |       |     2 ||     2
       Royal jelly       |       |       |     1 ||     1
Armor: Animal skin       |    20 |       |       ||    20
       Chain mail        |    29 |   143 |   298 ||   470
Dodge: Dodged            |    74 |   102 |   203 ||   379
Block: Other             |     7 |    41 |    78 ||   126
